 Dungeon Crawl Stone Soup version 0.18.1-50-g88ac8fd (console) character file.

36 Homage the Chopper (level 3, -7/31 HPs)
             Began as a Ghoul Fighter on Oct 3, 2016.
             Mangled by a kobold
             ... wielding a +2 whip of electrocution
              (19 damage)
             ... on level 2 of the Dungeon.
             The game lasted 00:02:03 (1125 turns).

Homage the Chopper (Ghoul Fighter)                  Turns: 1125, Time: 00:02:03

Health: -7/31      AC:  6    Str: 19    XL:     3   Next: 37%
Magic:  2/2        EV:  7    Int:  3    God:
Gold:   40         SH:  9    Dex:  9    Spells: 0 memorised, 2 levels left

rFire  . . .     SeeInvis .     a - +1 war axe
rCold  + . .     Gourm    .     b - +0 scale mail
rNeg   + + +     Faith    .     c - +1 shield
rPois  ∞         Spirit   .     (no helmet)
rElec  .         Dismiss  .     (no cloak)
rCorr  .         Reflect  .     (no gloves)
SustAt .         Harm     .     (no boots)
MR     .....                    (no amulet)
Stlth  ..........               (no ring)
                                (no ring)

@: rotting, not resistant to hostile enchantments, extremely unstealthy
A: rotting body, claws 1, carnivore 3, cold resistance 1, negative energy
resistance 3, slow regeneration 1, torment resistance, unbreathing
a: no special abilities


You were on level 2 of the Dungeon.
You were not hungry.

You visited 1 branch of the dungeon, and saw 2 of its levels.

You collected 40 gold pieces.


Innate Abilities, Weirdness & Mutations

Your body is rotting away.
You thrive on raw meat.
You are immune to poison.
You have sharp fingernails.
You are carnivorous and can eat meat at any time.
Your flesh is cold resistant.
You are immune to negative energy.
You regenerate slowly when monsters are visible.
You are immune to unholy pain and torment.
You can survive without breathing.


   Skills:
 - Level 3.2 Fighting
 + Level 3.3 Axes
 - Level 2.6 Armour
 - Level 2.6 Shields


You had 2 spell levels left.
You didn't know any spells.

Inventory:

Hand Weapons
 a - a +1 war axe (weapon)
Armour
 b - a +0 scale mail (worn)
 c - a +1 shield (worn)
Wands
 h - a wand of flame (21/48)
Scrolls
 k - a scroll of teleportation
Potions
 d - a potion of might
 e - a potion of cure mutation {unknown}
 j - a potion of heal wounds {unknown}
 m - a potion of agility {unknown}
Comestibles
 f - a meat ration
 g - a chunk of flesh
 i - a beef jerky


Message History

You completely miss the goblin.
The goblin hits you but does no damage. x2
You barely miss the kobold. You slash the goblin!
You kill the goblin!
The kobold hits you but does no damage.
You are electrocuted!
Ouch! That really hurt!
The kobold barely misses you.
Press: ? - help, v - describe, . - travel
Here: a kobold, wielding a whip of electrocution The floor.
Your shield and scale mail prevent you from hitting the kobold.
The kobold closely misses you.
You closely miss the kobold. The kobold hits you but does no damage.
You block the kobold's attack.
Your scale mail prevents you from hitting the kobold.
The kobold hits you with a whip of electrocution.
You miss the kobold. The kobold hits you but does no damage.
You are electrocuted!
Ouch! That really hurt!
You die...

#..# #..# ##### #####
##.###...## ##...##
###.##.....###.....##
....#.......#...?...#
....#.......#.......#
...>#.......#.......#
##..##.....###.K%..#
##...##...## #.@.#
.....###'#######'#######
.%......................
........................
##.#....................
#....##'#######%#######
.....##...## ##...##
######.....###.....##
#.......#.......#


You could see a kobold.

Vanquished Creatures
  An adder (D:1)
  A giant gecko (D:1)
  4 bats
  A giant cockroach (D:1)
  3 hobgoblins
  2 giant newts
  3 goblins
  7 kobolds
  6 rats
28 creatures vanquished.

Notes
Turn   | Place    | Note
--------------------------------------------------------------
     0 | D:1      | Homage the Ghoul Fighter began the quest for the Orb.
     0 | D:1      | Reached XP level 1. HP: 19/19 MP: 0/0
    78 | D:1      | Reached XP level 2. HP: 9/26 MP: 1/1
   491 | D:1      | Reached skill level 3 in Axes
   491 | D:1      | Reached XP level 3. HP: 21/31 MP: 2/2
  1125 | D:2      | Mangled by a kobold

Vault maps used:
D:1:      lightli_arrival_quake
D:2:      kennysheep_six_static_rooms, ecumenical_altar_2, minivault_4,
          uniq_iyjb

Action                   || total
-------------------------++-------
Melee: War axe           ||   125
  Use: Scroll            ||     4
  Eat: Chunk             ||     5
Armor: Scale mail        ||    70
Dodge: Dodged            ||    39
Block: Shield            ||    63
